 Dungeon Crawl Stone Soup version 0.31-a0-358-gac0dbeb3ab (webtiles) character file.

Game seed: 9308643349767746506

417 Newt the Trooper (level 6, 0/52 HPs)
             Began as a Merfolk Fighter on July 26, 2023.
             Was a Believer of Elyvilon.
             Slain by a gnoll
             ... wielding a +0 halberd
              (3 damage)
             ... on level 4 of the Dungeon.
             The game lasted 00:03:21 (3332 turns).

Newt the Trooper (Merfolk Fighter)                  Turns: 3332, Time: 00:03:21

Health: 0/52       AC: 16    Str: 16    XL:     6   Next: 92%
Magic:  0/6        EV:  9    Int:  7    God:    Elyvilon [**....]
Gold:   127        SH:  5    Dex: 20    Spells: 5/5 levels left

rFire   . . .        j - +2 short sword (venom)
rCold   + . .        c - +0 buckler
rNeg    + . .        u - +8 chain mail {ponderous}
rPois   .            (no helmet)
rElec   .            (no cloak)
rCorr   .            (no gloves)
SInv    +            (no boots)
Will    .....        w - amulet of guardian spirit Stlth
                     q - ring "Fosch" {+Blink Fly rN+ Dex+4 SInv}
HPRegen 0.28/turn    f - ring of protection from cold
MPRegen 0.10/turn

%: guardian spirit
@: about to teleport, flying, slow
A: (nimble swimmer 2), mertail
a: Renounce Religion, Evoke Blink, Purification, Heal Other


You were on level 4 of the Dungeon.
You worshipped Elyvilon.
Elyvilon was pleased with you.
You visited 1 branch of the dungeon, and saw 4 of its levels.

You collected 127 gold pieces.

Inventory:

Hand Weapons
 a - a +0 long sword
 j - a +2 short sword of venom (weapon)
 r - a +2 antimagic short sword
Armour
 b - a +0 scale mail
 c - a +0 buckler (worn)
 u - a +8 chain mail of ponderousness (worn)
Jewellery
 e - a ring of flight
 f - a ring of protection from cold (right hand)
 q - the ring "Fosch" (left hand) {+Blink Fly rN+ Dex+4 SInv}
   (You found it on level 3 of the Dungeon)

   [ring of flight]

   Dex:       It affects your dexterity (+4).
   rN:        It protects you from negative energy.
   SInv:      It lets you see invisible.
   Fly:       It grants you flight.
   +Blink:    It lets you blink.
 w - an amulet of guardian spirit (around neck)
Wands
 s - a wand of paralysis (9)
Scrolls
 i - a scroll of noise {unknown}
 o - a scroll of fear {unknown}
 t - a scroll of identify
Potions
 d - a potion of might
 g - a potion of lignification {unknown}
 h - 2 potions of mutation
 k - 2 potions of curing {unknown}
 l - a potion of brilliance {unknown}
 m - a potion of degeneration {unknown}
 n - a potion of enlightenment {unknown}
 p - a potion of heal wounds {unknown}


   Skills:
 + Level 6.0 Fighting
 - Level 3.5(4.0) Short Blades
 - Level 2.4(3.3) Long Blades
 - Level 2.1 Armour
 - Level 5.0 Dodging
 - Level 3.0 Shields


You had 5 spell levels left.
You didn't know any spells.
Your spell library was empty.

Dungeon Overview and Level Annotations

Branches:
Dungeon (4/15)
 Temple: D:4-7

Altars:
Elyvilon
Trog

Annotations:
D:4 3 runed translucent doors, drugrobin's ghost, weakling DgDe


Innate Abilities, Weirdness & Mutations

((You are very nimble when in or above water. (Stealth+, EV+, Speed+++)))
Your lower body shifts to a powerful aquatic tail in water.


Message History

A gnoll comes into view.
It is wielding a +0 halberd and quivering curare-tipped darts.
A gnoll comes into view. It is wielding a +0 flail.
The gnoll throws a curare-tipped dart.
The curare-tipped dart hits you.
You are poisoned.
You have difficulty breathing.
You feel yourself slow down. 2 gnolls come into view.
A gnoll is wielding the +0 hand axe "Tutesyr" {freeze, Dex+4 SInv}.
A gnoll is wielding the +9 quarterstaff of Mastery {flame, rN+}.
You feel very sick.
The gnoll shouts! x2
The gnoll throws a curare-tipped dart.
The curare-tipped dart hits you.
You are more poisoned.
You have difficulty breathing.
You feel as though you will be slow longer.
The gnoll throws a curare-tipped dart.
The curare-tipped dart hits you.
You are more poisoned.
You have difficulty breathing.
You feel as though you will be slow longer.
You feel extremely sick. You block the gnoll's attack.
The gnoll hits you but does no damage.
You reach down and open the door.
* * * LOW HITPOINT WARNING * * *
You feel extremely sick. You block the gnoll's attack.
The gnoll hits you with a +0 flail.
* * * LOW HITPOINT WARNING * * *
Unknown command.
You feel purified!
The gnoll hits you but does no damage. x2
The gnoll barely misses you.
The gnoll hits you from afar with a +0 halberd.
* * * LOW HITPOINT WARNING * * *
There is an open door here.
The gnoll attacks as you move away! The gnoll hits you but does no damage.
The gnoll attacks as you move away! The gnoll hits you but does no damage.
As you read the scroll of teleportation, it crumbles to dust.
You feel strangely unstable.
The gnoll hits you with the +9 quarterstaff of Mastery {flame, rN+}.
* * * LOW HITPOINT WARNING * * *
The gnoll burns you.
* * * LOW HITPOINT WARNING * * *
The gnoll hits you from afar with a +0 halberd.
You die...

.......##...# #########
........#...######.......#
........'...'....'.......+
........#...####.#.......#
........#...# ##.#.†.....#
........#...###..#......?#
........#...##..##.......#
........#...##.###g......#
........+...'...@gg......+
........#...##.###g......#
. #...#..# #.......# .
#...#.## #.......# ......
#..... .......... <....#
.....# .....##.... ....#
#.#### .....# .... ...# #.
......# ... ..#


You could see 4 gnolls.

Vanquished Creatures
  Sigmund (D:2)
  A hound (D:4)
  Terence (D:2)
  Jessica (D:2)
  Ijyb (D:3)
  5 adders
  An ufetubus (D:4)
  3 dart slugs
  3 orcs
  5 ball pythons
  7 bats
  11 endoplasms
  6 hobgoblins
  3 quokkas
  8 frilled lizards
  7 goblins
  12 kobolds
  9 rats
85 creatures vanquished.

Notes
Turn   | Place    | Note
-------+----------+-------------------------------------------
     0 | D:1      | Newt the Merfolk Fighter began the quest for the Orb.
     0 | D:1      | Reached XP level 1. HP: 18/18 MP: 1/1
   134 | D:1      | Reached XP level 2. HP: 15/25 MP: 2/2
   143 | D:1      | Reached skill level 4 in Fighting
   332 | D:1      | Reached skill level 1 in Dodging
   438 | D:1      | Reached XP level 3. HP: 27/30 MP: 3/3
  1144 | D:2      | Noticed Sigmund
  1511 | D:2      | Found a faded altar of an unknown god.
  1532 | D:2      | Prayed at the altar of an unknown god.
  1532 | D:2      | Became a worshipper of Elyvilon the Healer
  1532 | D:2      | Reached * piety under Elyvilon
  1549 | D:2      | Noticed Jessica
  1554 | D:2      | Killed Jessica
  1555 | D:2      | Reached XP level 4. HP: 31/37 MP: 4/4
  1744 | D:2      | Noticed Terence
  1757 | D:2      | Killed Terence
  1758 | D:2      | Reached skill level 5 in Dodging
  1758 | D:2      | Reached skill level 1 in Short Blades
  1758 | D:2      | Reached XP level 5. HP: 20/42 MP: 5/5
  2079 | D:2      | Killed Sigmund
  2080 | D:2      | Reached skill level 5 in Fighting
  2080 | D:2      | Reached XP level 6. HP: 30/51 MP: 4/6
  2450 | D:3      | Identified the +2 sling "Beetle's Death" {flame, Str+4}
  2613 | D:3      | Identified the ring "Fosch" {+Blink Fly rN+ Dex+4 SInv}
  2621 | D:3      | Found a bloodstained altar of Trog.
  2760 | D:3      | Reached ** piety under Elyvilon
  2915 | D:3      | Noticed Ijyb
  2915 | D:3      | Paralysed by Ijyb for 4 turns
  2936 | D:3      | Killed Ijyb
  3200 | D:4      | Noticed drugrobin's ghost (weakling DgDe)
  3221 | D:4      | Found a runed translucent gate.
  3221 | D:4      | Found a runed translucent gate.
  3221 | D:4      | Found a runed translucent gate.
  3322 | D:4      | Reached skill level 6 in Fighting
  3326 | D:4      | Identified the +0 hand axe "Tutesyr" {freeze, Dex+4 SInv}
  3326 | D:4      | Identified the +9 quarterstaff of Mastery {flame, rN+}
  3332 | D:4      | Slain by a gnoll

Illustrated notes

Levels and vault maps discovered:
D:1:      psy_arrival_fountain, layout_basic
D:2:      layout_basic, ebering_ecumenical_altar_mist, uniq_jessica,
          uniq_terence, uniq_sigmund
D:3:      layout_loops_ring, trog_antimagical, uniq_ijyb
D:4:      layout_basic, gammafunk_ghost_split, minmay_ogre_servants

Skill      XL: |  1  2  3  4  5  6 |
---------------+-------------------+-----
Fighting       | 4 5 6 |  6.0
Dodging        | 2 4 5 |  5.0
Short Blades   | 1 3 |  3.5
Long Blades    | |  2.4
Armour         | |  2.1
Shields        | |  3.0

Action                     |  1- 3 |  4- 6 || total
---------------------------+-------+-------++-------
  Melee: Long sword        |    97 |       ||    97
         Short sword       |     4 |   147 ||   151
 Invoke: Purification      |       |     2 ||     2
    Use: Scroll            |     3 |     1 ||     4
 Armour: Scale mail        |    40 |    19 ||    59
         Chain mail        |       |    15 ||    15
  Dodge: Dodged            |    46 |    50 ||    96
  Block: Buckler           |    22 |    28 ||    50

Table legend: (Time is in decaauts)
 A = Elapsed time spent in this place.
 B = Non-inter-level travel time spent in this place.
 C = Inter-level travel time spent in this place.
 D = Time resting spent in this place.
 E = Time spent auto-exploring this place.
 F = Levels seen in this place.
 G = Mean time per level.
                   A        B        C        D        E       F      G
               +--------+--------+--------+--------+--------+-----+--------+
         Total |   3369 |   3272 |     97 |    541 |   2175 |   4 |  842.2 |
       Dungeon |   3369 |   3272 |     97 |    541 |   2175 |   4 |  842.2 |
               +--------+--------+--------+--------+--------+-----+--------+

Top non-repeatable levels by time:
     D:1: 1346 daAuts
     D:2: 1110 daAuts
     D:3: 777 daAuts
     D:4: 136 daAuts
